Toffee, chaotic male elven Priest --- ----.-- |.....| -<...| ---...-- ---.....-- -- --.....*..| --. |........-- --... --- |........| |...G. |.- ---......| -...... .. --.....-- G..... |.. ---....| -.....|. --..-- |....hG.- ----------.-- -...f@---- ---..--..--..-- | --....-----..*..........-- --.....||...............| ---...--..--.^........-- |.......|--........-- ------.-- ---.---.-- --- --- --- Toffee the Acolyte Experience level: 3 Strength: 18 Dexterity: 10 Constitution: 13 Intelligence: 12 Wisdom: 18 Charisma: 9 Health: 0(25) Energy: 38(38) Def: 3 Gold: 324 Moves: 1930 Dungeon seed: hhkPzd3D_usXQ-8G Game ID: Toffee_1614738519 Your Inventory: Coins $ - 324 gold pieces Weapons a - a blessed +1 mace (weapon in hand) l - a +0 silver saber A - a +0 dagger Armor e - a +0 robe (being worn) n - a +0 small shield (being worn) q - a blessed +0 orcish helm Comestibles c - a clove of garlic d - a sprig of wolfsbane o - 2 food rations v - a slime mold w - 2 tripe rations z - a food ration Spellbooks f - a spellbook of identify g - a spellbook of clairvoyance Potions b - 4 potions of holy water m - a potion of water Wands j - a wand of cold (0:6) u - a wand of striking (0:6) Tools h - a wooden harp k - a leash t - a tallow candle (0:200) Gems r - an amethyst stone Spells and supernatural/magical abilities: Name Level Category Fail Memory v - clairvoyance 3 divination 74% 91% I - identify 3 divination 74% 91% W - pray for help -- divine ? -- X - turn undead -- divine ? -- Your skills at the end: Fighting Skills Weapon Skills mace [Basic] Spellcasting Skills clerical spells [Basic] Final Attributes: You were piously aligned. You had infravision. You are dead. Vanquished creatures: 2 coyotes a hobbit 4 giant rats a brown mold a gnome a gnome zombie 5 jackals a kobold 2 goblins a grid bug 3 lichens a kobold zombie 5 newts 28 creatures vanquished. Voluntary challenges: You used a wielded weapon 28 times, starting on turn 25. You read items or engraved 2 times, starting on turn 146. You never genocided any monsters. You never polymorphed an object. You never changed form. You used no wishes. You never split a pudding. You never wrote Elbereth's name. You never violated your personal moral code. Dungeon overview: The Dungeons of Doom: levels 1 to 4 Level 1 a fountain a long staircase Level 2 a general store, a fountain Level 3 a delicatessen Level 4 stairs to The Gnomish Mines The Gnomish Mines: Level 5 <- You were here stairs to The Dungeons of Doom History has recorded: On T:1 you entered the Dungeons of Doom to retrieve the Amulet of Yendor! On T:268 you reached level 2 of The Dungeons of Doom. On T:290 you advanced to experience level 2. On T:456 you reached level 3 of The Dungeons of Doom. On T:860 you advanced to experience level 3. On T:1530 you reached level 4 of The Dungeons of Doom. On T:1868 you reached level 1 of The Gnomish Mines. Score breakdown: Gold: 324 ( 8544 points) Experience: 3 levels ( 7878 points) Exploration: 5 levels ( 9.80%) ( 8485 points) Discoveries: 6 items ( 2.10%) ( 4345 points) Valuables value: (no points given unless you survive) Artifact value: 0 ( 0 points) Variety of kills: 13 monsters ( 3.41%) ( 5541 points) Turncount: 1930 turns ( 0 points) Survival: died (score multiplied by 80%) Total score: 27834 Latest messages: This gnome corpse tastes terrible! You hear a distant squeak. (4x) You finish eating the gnome corpse. You hear a distant squeak. (4x) You stop running. A bear trap closes on your foot! You are caught in a bear trap. You stop running. A trap door in the ceiling opens and a rock falls on your head! You displace Qwerty. You stop running. The gnome king hits! You miss the gnome king. You hit the gnome king! Qwerty bites the hobbit. The hobbit wields an elven dagger! The hobbit thrusts his elven dagger at Qwerty. The hobbit misses Qwerty. The gnome king hits! You hit the gnome king! Qwerty misses the hobbit. The hobbit thrusts his elven dagger at Qwerty. The hobbit hits Qwerty. The gnome king hits! You die... Final status: Goodbye Toffee the Priest, killed by a gnome king... You died in The Gnomish Mines on dungeon level 5 with 27834 points, and 324 pieces of gold, after 1930 moves. You were level 3 with a maximum of 25 hit points when you died.